 Dungeon Crawl Stone Soup version 0.25-a0-160-gd1d2e81aba (webtiles) character file.

Game seed: 13660286600906368921, levelgen mode: deterministic

7658 Gargoyl the Chopper (level 10, -10/84 HPs)
             Began as a Centaur Abyssal Knight on Nov 20, 2019.
             Was a High Priest of Lugonu.
             Mangled by a komodo dragon (12 damage)
             ... on level 10 of the Dungeon on Nov 21, 2019.
             The game lasted 00:18:54 (14102 turns).

Gargoyl the Chopper (Centaur Abyssal Knight)       Turns: 14102, Time: 00:18:54

Health: -10/84     AC: 10    Str: 17    XL:     10   Next: 99%
Magic:  15/15      EV: 12    Int: 11    God:    Lugonu [*****.]
Gold:   581        SH:  0    Dex: 10    Spells: 9/9 levels left

rFire    + . .     SeeInvis .   w - +3 war axe (elec)
rCold    . . .     Gourm    .   (no shield)
rNeg     . . .     Faith    .   m - +3 leather armour
rPois    +         Spirit   .   i - +1 helmet
rElec    .         Reflect  .   (no cloak)
rCorr    .         Harm     .   (no gloves)
MR       ++...     Clarity  +   (no barding)
Stlth    ..........             (no amulet)
HPRegen  0.24/turn              b - ring of protection from fire
MPRegen  0.14/turn              y - ring of poison resistance

@: very quick
A: large, hooves 3, clarity, deformed body, speed 2, magic resistance 2, tough
skin 3
a: Depart the Abyss, Bend Space, Banish, Corrupt, Enter the Abyss, Renounce
Religion


You were on level 10 of the Dungeon.
You worshipped Lugonu.
Lugonu was extremely pleased with you.
You were very hungry.

You visited 1 branch of the dungeon, and saw 10 of its levels.
You visited the Abyss 1 time.

You collected 581 gold pieces.

Inventory:

Hand Weapons
 a - a +6 hand axe
 w - a +3 war axe of electrocution (weapon)
Missiles
 g - 9 javelins (quivered)
 l - 7 silver javelins
Armour
 i - a +1 helmet (worn)
 m - a +3 leather armour (worn)
Jewellery
 b - a ring of protection from fire (left hand)
 y - a ring of poison resistance (right hand)
Wands
 d - a wand of flame (56)
 j - a wand of random effects (13)
 q - a wand of disintegration (9)
 v - a wand of polymorph (15)
 x - a wand of enslavement (17)
 B - a wand of acid (5)
Scrolls
 h - 2 scrolls of remove curse
 n - a scroll of identify
 s - 2 scrolls of teleportation
 E - a scroll of magic mapping
Potions
 e - 4 potions of flight
 f - a potion of brilliance
 k - 3 potions of haste
 o - a potion of might
 p - a potion of mutation
 r - a potion of magic {unknown}
 t - 3 potions of degeneration {unknown}
 u - 3 potions of curing
 A - 2 potions of cancellation {unknown}
 C - a potion of ambrosia {unknown}
 F - a potion of heal wounds
Comestibles
 c - 13 rations


   Skills:
 + Level 6.9 Fighting
 + Level 7.9(8.0) Axes
   Level 2.1(5.4) Polearms
 + Level 1.9 Throwing
 * Level 5.6 Armour
 * Level 6.5 Dodging
 * Level 7.3 Invocations
 + Level 0.8 Evocations


You had 9 spell levels left.
You didn't know any spells.
Your spell library contained the following spells:

 Spells                   Type           Power        Failure   Level  Hunger
 Animate Skeleton         Necr           N/A          38%         1    ##.....
 Apportation              Tloc           #.....       38%         1    ##.....
 Confusing Touch          Hex            #.....       38%         1    ##.....
 Summon Small Mammal      Summ           #...         38%         1    ##.....


Dungeon Overview and Level Annotations

Branches:
Dungeon (10/15)            Temple (0/1) D:4            Lair (0/6) D:10
    Orc: D:9-12

Altars:
Dithmenos
Fedhas
Gozag
Kikubaaqudgha
Nemelex Xobeh
Okawaru
Qazlal
Sif Muna
Wu Jian
The Shining One

Shops:
D:8 (

Annotations:
D:7 3 runed translucent doors, mokwee's ghost, novice MiFi
Abyss:1 Erolcha


Innate Abilities, Weirdness & Mutations

You have hooves in place of feet.
Armour fits poorly on your strangely shaped body.
You cover ground very quickly.
You have extremely tough skin. (AC +3)
You possess an exceptional clarity of mind.
You are highly resistant to hostile enchantments. (MR++)


Message History

You slash the komodo dragon! Your kick misses the komodo dragon.
The komodo dragon is severely wounded.
The komodo dragon bites you.
You slash the komodo dragon!
You kick the komodo dragon, but do no damage.
The komodo dragon is almost dead.
The komodo dragon misses you.
You barely miss the komodo dragon. You kick the komodo dragon.
The komodo dragon is almost dead.
The komodo dragon bites you.
You hit the komodo dragon but do no damage.
You kick the komodo dragon, but do no damage.
The komodo dragon is almost dead.
The komodo dragon closely misses you.
You closely miss the komodo dragon. You kick the komodo dragon.
The komodo dragon is almost dead.
The komodo dragon bites you!!
* * * LOW HITPOINT WARNING * * *
The komodo dragon bites you!
You die...

#......#.####......#
###....###...........#
.....>.....####......#
.......###.# #..#####
....#.###..####..#
##.....#..#......##
.....>......##....#
...............#..#
.........#######@.#
......##....####l.#
......##.##.##....#
.##(..##.##....#..#######
.##......#........#.....#
##.........#.............
#..#....###..............
..##..#..................
...#..#####..............


You could see a komodo dragon.

Vanquished Creatures
  Harold (D:7)
  Joseph (D:8)
  2 trolls
  Grinder (D:4)
  2 hippogriffs
  Eustachio (D:6)
  Menkaure (D:4)
  Duvessa (D:4)
  2 orc warriors
  3 ice beasts
  A sky beast (D:6)
  A phantom (D:4)
  2 necrophages
  5 ogres
  4 centaurs
  A crocodile (D:8)
  5 bullfrogs
  A wyvern skeleton (D:10)
  Dowan (D:4)
  5 scorpions
  9 killer bees
  4 wights (D:9)
  A crimson imp (D:6)
  3 centaur zombies
  7 hounds
  2 bullfrog skeletons
  10 orc priests
  An iguana (D:6)
  5 jellies
  14 orc wizards
  Natasha (thrice) (D:4)
  8 worker ants
  10 adders
  2 shadow imps
  An ooze (D:1)
  An adder skeleton (D:5)
  4 worms
  A dart slug (D:5)
  3 leopard geckos
  30 orcs
  2 ball pythons
  6 giant cockroaches
  7 goblins
  3 hobgoblins
  5 jackals
  7 quokkas
  4 bats
  3 frilled lizards (D:2)
  9 kobolds
  2 leopard gecko skeletons
  A quokka zombie (D:5)
  5 rats
214 creatures vanquished.

Vanquished Creatures (others)
  A two-headed ogre (D:8)
  4 fungi (D:7)
  2 plants (D:10)
7 creatures vanquished.

Grand Total: 221 creatures vanquished

Notes
Turn   | Place    | Note
-------+----------+-------------------------------------------
     0 | Abyss:1  | Gargoyl the Centaur Abyssal Knight began the quest for the
                  | Orb.
     0 | Abyss:1  | Reached XP level 1. HP: 19/19 MP: 2/2
    11 | Abyss:2  | Noticed a small abomination
    38 | Abyss:2  | Noticed a meliai
    39 | Abyss:2  | Noticed a yaktaur
    39 | Abyss:2  | a meliai changed into a yaktaur
    42 | D:1      | Escaped the Abyss
   111 | D:1      | Reached * piety under Lugonu
   237 | D:1      | Reached XP level 2. HP: 26/26 MP: 3/3
   791 | D:2      | Reached skill level 1 in Dodging
   805 | D:2      | Reached XP level 3. HP: 15/31 MP: 4/4
  1761 | D:2      | Reached ** piety under Lugonu
  1918 | D:2      | Found a stormy altar of Qazlal.
  2307 | D:3      | Reached XP level 4. HP: 40/40 MP: 5/5
  2605 | D:3      | Found a blossoming altar of Fedhas.
  3058 | D:4      | Noticed Menkaure
  3064 | D:4      | Killed Menkaure
  3064 | D:4      | Reached XP level 5. HP: 24/46 MP: 5/7
  3256 | D:4      | Noticed Natasha
  3264 | D:4      | Killed Natasha
  3308 | D:4      | Noticed Duvessa
  3310 | D:4      | Noticed Dowan
  3327 | D:4      | Killed Duvessa
  3327 | D:4      | Reached skill level 1 in Polearms
  3327 | D:4      | Reached XP level 6. HP: 37/52 MP: 8/8
  3339 | D:4      | Killed Dowan
  3619 | D:4      | Noticed Natasha
  3632 | D:4      | Killed Natasha
  4028 | D:4      | Noticed Natasha
  4032 | D:4      | Reached XP level 7. HP: 54/59 MP: 9/9
  4044 | D:4      | Killed Natasha
  4072 | D:4      | Noticed Grinder
  4089 | D:4      | HP: 2/59 [Grinder/nerve-wracking pain (13)]
  4098 | D:4      | Killed Grinder
  4479 | D:4      | Found a staircase to the Ecumenical Temple.
  4496 | D:5      | Entered Level 5 of the Dungeon
  4544 | D:5      | Reached skill level 1 in Throwing
  5145 | D:5      | Reached XP level 8. HP: 43/67 MP: 11/11
  5699 | D:5      | Reached *** piety under Lugonu
  5704 | D:5      | Upgraded the game from 0.25-a0-110-ge29c8f2358 to
                  | 0.25-a0-160-gd1d2e81aba
  5724 | D:5      | Found an iron altar of Okawaru.
  5936 | D:5      | Found a shimmering blue altar of Sif Muna.
  6128 | D:6      | Gained mutation: You are resistant to hostile enchantments.
                  | (MR+) [potion of mutation]
  6128 | D:6      | Gained mutation: You possess an exceptional clarity of
                  | mind. [potion of mutation]
  6128 | D:6      | Gained mutation: You are highly resistant to hostile
                  | enchantments. (MR++) [potion of mutation]
  6139 | D:6      | Reached skill level 5 in Fighting
  6482 | D:6      | Found an ornate altar of the Wu Jian Council.
  6748 | D:6      | Reached skill level 5 in Invocations
  7203 | D:6      | Reached skill level 5 in Axes
  7505 | D:6      | Reached XP level 9. HP: 61/74 MP: 12/12
  7528 | D:6      | Noticed Eustachio
  7565 | D:6      | Killed Eustachio
  7934 | D:7      | Noticed a troll
  7951 | D:7      | Killed a troll
  8278 | D:7      | Noticed Harold
  8556 | D:7      | Killed Harold
  8905 | D:7      | Reached skill level 5 in Dodging
  9005 | D:7      | Found an opulent altar of Gozag.
  9059 | D:7      | Noticed Joseph
  9079 | D:8      | Noticed a two-headed ogre
  9091 | D:8      | Banished a two-headed ogre
  9211 | D:8      | Killed Joseph
  9211 | D:8      | Reached XP level 10. HP: 20/83 MP: 14/14
  9654 | D:7      | Found a runed translucent gate.
  9654 | D:7      | Found a runed translucent gate.
  9654 | D:7      | Found a runed translucent gate.
  9655 | D:7      | Identified the +9 short sword of Causality {drain, *Slow
                  | +Rage MR+++}
  9656 | D:7      | Noticed mokwee's ghost (novice MiFi)
 10300 | D:7      | Reached skill level 5 in Armour
 10305 | D:7      | Reached **** piety under Lugonu
 11400 | D:8      | Found an ancient bone altar of Kikubaaqudgha.
 11829 | D:8      | Found Bytaapnem's Weapon Shop.
 12416 | D:9      | Noticed Erolcha
 12449 | D:9      | Banished Erolcha
 13055 | D:9      | Found a sparkling altar of Nemelex Xobeh.
 13055 | D:9      | Found a shadowy altar of Dithmenos.
 13222 | D:10     | Entered Level 10 of the Dungeon
 13223 | D:10     | Found a glowing golden altar of the Shining One.
 13671 | D:10     | Reached ***** piety under Lugonu
 14045 | D:10     | Found a staircase to the Lair.
 14102 | D:10     | HP: 2/84 [komodo dragon (27)]
 14102 | D:10     | Mangled by a komodo dragon

Levels and vault maps discovered:
D:1:      scummos_arrival_star, layout_loops_ring, minivault_14
D:2:      wander_river, layout_basic, nicolae_qazlal_general_emergency
D:3:      layout_loops_corners, minivault_4, fedhas_altar_3
D:4:      layout_rooms, minmay_temple_entry_proselytizer, first_ration,
          uniq_menkaure, uniq_natasha, uniq_duvessa, uniq_grinder
D:5:      layout_cave_pools, kennysheep_little_box, okawaru_trees_1
D:6:      layout_loops_corners, lemuel_altar_in_water, uniq_eustachio
D:7:      layout_rooms, nicolae_gozag_cash_rules_everything_around_me,
          gammafunk_ghost_nasty_kobolds, uniq_harold, uniq_joseph
D:8:      layout_rooms, nicolae_overflow_hidden_temple, serial_shops,
          nicolae_shop_crystal, basic_altar, grunt_ogre_cave
D:9:      layout_cave_pods, grunt_temple_overflow_open, uniq_erolcha
D:10:     layout_rooms, david_lair_shrubbed, tso_metal_star

Skill      XL: |  1  2  3  4  5  6  7  8  9 10 |
---------------+-------------------------------+-----
Dodging        | 1 2 3 5 6 |  6.5
Axes           | 2 3 5 6 7 |  7.9
Armour         | 2 3 4 5 |  5.6
Invocations    | 3 4 5 6 7 |  7.3
Fighting       | 4 5 6 |  6.9
Polearms       | 1 2 |  2.1
Throwing       | 1 |  1.9
Evocations     | |  0.8

Action                   |  1- 3 |  4- 6 |  7- 9 | 10-12 || total
-------------------------+-------+-------+-------+-------++-------
Melee: Spear             |    65 |    45 |    21 |       ||   131
       Kick              |    17 |    13 |    70 |    70 ||   170
       Hand axe          |    46 |    30 |   322 |   186 ||   584
       War axe           |       |       |       |   104 ||   104
Throw: Javelin           |       |     1 |     8 |     2 ||    11
Invok: Depart the Abyss  |     1 |       |       |       ||     1
       Banish            |       |       |     2 |     1 ||     3
       Bend Space        |       |       |       |     2 ||     2
Evoke: Wand              |       |       |     6 |       ||     6
  Use: Scroll            |     8 |     2 |     7 |     8 ||    25
       Potion            |       |       |     6 |     4 ||    10
  Eat: Chunk             |     2 |     2 |    12 |     7 ||    23
       Ration            |       |     1 |     1 |     2 ||     4
Armor: Chain mail        |    81 |       |       |       ||    81
       Leather armour    |     4 |    37 |   146 |   135 ||   322
       Skin              |       |       |    11 |    35 ||    46
Dodge: Dodged            |    25 |    20 |   174 |   197 ||   416

Table legend:
 A = Non-vault XP
 B = Vault XP
 C = Vault XP percentage of total XP
 D = Non-vault monster count
 E = Vault monster count
 F = Vault count percentage of total count
                 A         B        C        D         E       F
            +---------+---------+-------+---------+---------+-------
      Total |    7874 |    3067 |  28.0 |     205 |      11 |   5.1
            +---------+---------+-------+---------+---------+-------
        D:1 |      31 |       0 |   0.0 |      15 |       0 |   0.0
        D:2 |      64 |       0 |   0.0 |      22 |       0 |   0.0
        D:3 |      16 |       0 |   0.0 |       8 |       0 |   0.0
        D:4 |     376 |     719 |  65.7 |      12 |       6 |  33.3
        D:5 |     576 |       0 |   0.0 |      25 |       0 |   0.0
        D:6 |    1480 |     214 |  12.6 |      32 |       1 |   3.0
        D:7 |    1692 |    1018 |  37.6 |      38 |       1 |   2.6
        D:8 |    1174 |     585 |  33.3 |      16 |       2 |  11.1
        D:9 |    1091 |     531 |  32.7 |      13 |       1 |   7.1
       D:10 |    1374 |       0 |   0.0 |      24 |       0 |   0.0
            +---------+---------+-------+---------+---------+-------
